 Dungeon Crawl Stone Soup version 0.30.1-9-gdf580d7c3d (webtiles) character file.

Game seed: 7942614783850504852

2203 Peloso the Carver (level 9, -6/79 HPs)
             Began as a Minotaur Fighter on Oct 20, 2023.
             Killed from afar by Erica (28 damage)
             ... with a lance of force
             ... on level 8 of the Dungeon.
             The game lasted 00:12:36 (5418 turns).

Peloso the Carver (Minotaur Fighter)                Turns: 5418, Time: 00:12:36

Health: -6/79      AC: 10    Str: 21    XL:     9   Next: 12%
Magic:  8/8        EV: 12    Int:  5    God:
Gold:   80         SH:  0    Dex: 14    Spells: 8/8 levels left

rFire   . . .        a - +4 scimitar (elec)
rCold   . . .        d - +0 buckler
rNeg    . . .        t - +1 ring mail of Cynicism {Regen+}
rPois   .            (helmet restricted)
rElec   .            c - +0 cloak
rCorr   .            (no gloves)
SInv    .            j - +1 pair of boots
Will    .....        F - amulet of regeneration Stlth
                     (no ring)
HPRegen 1.93/turn    (no ring)
MPRegen 0.11/turn

%: no passive effects
@: confused
A: horns 2, retaliatory headbutt
a: no special abilities


You were on level 8 of the Dungeon.
You visited 2 branches of the dungeon, and saw 9 of its levels.
You also visited: Ossuary.

You collected 336 gold pieces.
You spent 256 gold pieces at shops.

Inventory:

Hand Weapons
 a - a +4 scimitar of electrocution (weapon)
 b - a +2 long sword of freezing
Armour
 c - a +0 cloak (worn)
 d - a +0 buckler (worn)
 j - a +1 pair of boots (worn)
 t - the +1 ring mail of Cynicism (worn) {Regen+}
   (You found it on level 3 of the Dungeon)

   Regen:     It increases your rate of health regeneration.
Jewellery
 e - a ring of fire
 p - a ring of wizardry
 s - an amulet of reflection
 B - a ring of fire
 F - an amulet of regeneration (around neck)
Wands
 n - a wand of mindburst (13)
 A - a wand of paralysis (5)
Scrolls
 f - 2 scrolls of blinking
 h - 3 scrolls of teleportation
 i - 3 scrolls of enchant armour
 m - 2 scrolls of noise
 o - 3 scrolls of immolation
 y - a scroll of poison
 E - a scroll of acquirement {unknown}
Potions
 g - 2 potions of might
 k - 2 potions of attraction {unknown}
 l - a potion of lignification
 q - a potion of flight
 r - 2 potions of brilliance
 u - 3 potions of magic
 v - a potion of cancellation
 w - a potion of degeneration {unknown}
 x - 4 potions of curing
 z - 3 potions of haste {unknown}
 C - a potion of heal wounds {unknown}
 D - 2 potions of berserk rage


   Skills:
 + Level 7.2 Fighting
 + Level 10.1 Long Blades
 + Level 5.9 Armour
 + Level 4.1 Dodging
 + Level 0.7 Stealth
 + Level 6.4 Shields


You had 8 spell levels left.
You didn't know any spells.
Your spell library contained the following spells:

 Spells                   Type           Power      Damage    Failure   Level
 Summon Small Mammal      Summ           0%         N/A       69%         1
 Ensorcelled Hibernation  Hex/Ice        0%         N/A       83%         2
 Passwall                 Tmut/Erth      0%         N/A       83%         2
 Call Canine Familiar     Summ           0%         N/A       96%         3
 Summon Guardian Golem    Hex/Summ       0%         N/A       96%         3
 Swiftness                Air            0%         N/A       96%         3
 Animate Dead             Necr           0%         N/A       100%        4
 Haunt                    Necr/Summ      0%         N/A       100%        7
 Infestation              Necr           0%         N/A       100%        8


Dungeon Overview and Level Annotations

Branches:
Dungeon (8/15)             Temple (1/1) D:6         Ossuary (visited)
   Lair: D:8-11

Altars:
Ashenzari
Cheibriados
Dithmenos
Elyvilon
Fedhas
Gozag
Hepliaklqana
Makhleb
Nemelex Xobeh
Qazlal
Ru
Sif Muna
Trog
Uskayaw
Vehumet
Xom
Yredelemnul
Zin
The Shining One

Shops:
D:3 :   D:6 [   D:7 [

Annotations:
D:8 Erica


Innate Abilities, Weirdness & Mutations

You have a pair of horns on your head.
You reflexively headbutt those who attack you in melee.


Message History

You bump into the rock wall.
You feel very sick.
Erica casts a spell.
Erica flickers and vanishes!
Deactivating autopickup; reactivate with Ctrl-A.
You miss something. Your headbutt misses something.
You feel very sick. Something hits you! Something burns you.
You barely miss something.
You feel sick. Something completely misses you.
You miss something.
You feel sick.
You bump into the rock wall.
You feel less confused.
You feel sick. Something barely misses you.
You barely miss something.
You feel sick. Something hits you. Something burns you.
You closely miss something.
You feel sick. Something hits you! Something burns you.
You hit something. Lightning courses through something! You headbutt something.
You feel sick. Something hits you. Something burns you.
You slash something! Your headbutt misses something.
You feel sick. Something hits you but does no damage.
You closely miss something.
You feel sick.
You hear some strange, mumbled words.
You are confused.
You bump into the rock wall.
You feel sick.
You are no longer poisoned.
You hear some strange, mumbled words.
You are more confused.
You completely miss something.
You hear some strange, mumbled words.
A lance of force appears from out of thin air!
The lance of force hits you!!
* * * LOW HITPOINT WARNING * * *
You are knocked back by the lance of force.
You hear some strange, mumbled words.
Something tries to affect you, but you resist.
You hear some strange, mumbled words.
A lance of force appears from out of thin air!
The lance of force hits you!!
You die...

?..........#
....#......#######
... #.............
.. #.#.##.#######
. #.#....###
#.####...# #.
#)#...# #.###.#
#@# .# #.# .. #{#
# ... .....
#...... #......~
#........
#....)...#


There were no monsters in sight!

Vanquished Creatures
  2 steam dragons
  A black bear (D:5)
  An ice beast (D:6)
  An ogre (D:6)
  A phantom (D:7)
  A centaur (D:6)
  A kobold brigand (D:7)
  Blork the orc (D:5)
  A bullfrog (D:7)
  A scorpion (D:6)
  10 wights
  4 howler monkeys
  A human zombie (Ossuary)
  2 hounds
  An orc priest (D:5)
  A gnoll bouda (D:6)
  2 sleepcaps (D:7)
  4 iguanas
  2 orc wizards
  2 mummies (Ossuary)
  5 adders
  3 gnolls (D:6)
  A shadow imp (D:5)
  2 white imps
  2 adder zombies (Ossuary)
  2 worms (D:2)
  A dart slug (D:1)
  14 orcs
  9 endoplasms
  5 giant cockroaches
  5 goblins
  4 hobgoblins
  5 jackals
  13 kobolds
  4 quokkas
  5 ball pythons
  7 bats
  2 frilled lizards (D:2)
  A goblin zombie (Ossuary)
  9 hobgoblin zombies (Ossuary)
  2 jackal zombies (Ossuary)
  13 kobold zombies (Ossuary)
  7 orc zombies (Ossuary)
  8 rats
  A rat zombie (Ossuary)
170 creatures vanquished.

Notes
Turn   | Place    | Note
-------+----------+-------------------------------------------
     0 | D:1      | Peloso the Minotaur Fighter began the quest for the Orb.
     0 | D:1      | Reached XP level 1. HP: 19/19 MP: 0/0
    91 | D:1      | Reached XP level 2. HP: 27/27 MP: 1/1
   682 | D:2      | Reached skill level 3 in Long Blades
   682 | D:2      | Reached XP level 3. HP: 30/33 MP: 2/2
  1001 | D:2      | Reached XP level 4. HP: 40/40 MP: 3/3
  1045 | D:2      | Found a faded altar of an unknown god.
  1060 | D:2      | Reached skill level 1 in Dodging
  1399 | D:3      | Identified the +1 ring mail of Cynicism {Regen+}
  1564 | D:3      | Reached skill level 4 in Long Blades
  1600 | D:3      | Found a radiant altar of Vehumet.
  1673 | D:3      | Found Veriter's Vocational Training.
  1980 | D:3      | Found a sacrificial altar of Ru.
  2039 | D:4      | Reached XP level 5. HP: 46/47 MP: 4/4
  2309 | D:4      | Identified the +4 short sword "Votuv" {freeze, rElec rPois}
  2397 | D:5      | Entered Level 5 of the Dungeon
  2482 | D:5      | Found a sand-covered staircase.
  2500 | Ossuary  | Entered an ossuary
  2609 | Ossuary  | Reached skill level 5 in Shields
  2652 | Ossuary  | Reached XP level 6. HP: 29/53 MP: 5/5
  2663 | Ossuary  | Reached skill level 5 in Long Blades
  2806 | D:5      | Reached skill level 5 in Fighting
  2872 | D:5      | Found a white marble altar of Elyvilon.
  2932 | D:5      | Found a basalt altar of Yredelemnul.
  3124 | D:5      | Reached skill level 6 in Long Blades
  3124 | D:5      | Reached XP level 7. HP: 61/61 MP: 6/6
  3304 | D:5      | Noticed Blork the orc
  3311 | D:5      | Killed Blork the orc
  3462 | D:6      | Noticed a steam dragon
  3467 | D:6      | Killed a steam dragon
  3498 | D:6      | Reached skill level 7 in Long Blades
  3566 | D:6      | Reached skill level 5 in Armour
  3611 | D:6      | Reached XP level 8. HP: 70/70 MP: 7/7
  3738 | D:6      | Reached skill level 8 in Long Blades
  3786 | D:6      | Found a staircase to the Ecumenical Temple.
  3886 | D:6      | Found Poel's Armour Shop.
  4296 | Temple   | Entered the Ecumenical Temple
  4592 | D:7      | Reached skill level 9 in Long Blades
  4792 | D:7      | Reached XP level 9. HP: 72/79 MP: 8/8
  4969 | D:7      | Found Paul's Antique Armour Shoppe.
  4985 | D:7      | Bought a bloodstained buckler for 256 gold pieces
  4985 | D:7      | Identified the +2 buckler "Pat Zegi" {Harm Int+4} (You
                  | bought it in a shop on level 7 of the Dungeon)
  5331 | D:7      | Reached skill level 10 in Long Blades
  5397 | D:8      | Noticed Erica
  5418 | D:8      | Killed from afar by Erica

Illustrated notes

Levels and vault maps discovered:
D:1:      minmay_arrival_five_plusses, layout_basic, minmay_misc_feat_diagonals
D:2:      minmay_diamond_boxcup, layout_loops_ring,
          hellmonk_ecumenical_altar_blasted
D:3:      layout_loops_ring, mainiacjoe_overflow_swirl, nicolae_shop_vocational
D:4:      layout_rooms
D:5:      layout_basic, kennysheep_ying_yang, nicolae_ossuary_entry_monument,
          serial_bayou_pond_a, uniq_blork_the_orc
D:6:      layout_basic, minmay_temple_entry_crystal_x, serial_shops,
          kennysheep_mini
D:7:      layout_basic, serial_shops,
          nicolae_shop_temple_entry_statues_fountains
D:8:      layout_basic, uniq_psyche, uniq_maurice, uniq_erica
Temple:   regret_index_temple_waves

Skill      XL: |  1  2  3  4  5  6  7  8  9 |
---------------+----------------------------+-----
Fighting       | 4 5 7 |  7.2
Long Blades    | 3 4 6 7 9 10 | 10.1
Armour         | 4 5 |  5.9
Shields        | 4 5 6 |  6.4
Dodging        | 1 2 3 4 |  4.1
Stealth        | |  0.7

Action                     |  1- 3 |  4- 6 |  7- 9 || total
---------------------------+-------+-------+-------++-------
  Melee: Long sword        |    95 |   223 |     9 ||   327
         Headbutt          |    10 |    47 |    24 ||    81
         Scimitar          |       |       |   125 ||   125
    Use: Potion            |     2 |     2 |     1 ||     5
         Scroll            |       |    11 |     1 ||    12
 Armour: Scale mail        |    62 |    26 |       ||    88
         Ring mail         |       |    72 |    31 ||   103
  Dodge: Dodged            |    62 |    98 |    47 ||   207
  Block: Buckler           |    34 |   130 |    33 ||   197
         Reflection        |       |       |     1 ||     1
